 Dungeon Crawl Stone Soup version 0.32-a0-913-g739538afd8 (webtiles) character file.

Game seed: 1081659528489562372

32 Adrian566 the Slasher (level 3, -1/28 HPs)
             Began as a Demonspawn Gladiator on Apr 8, 2024.
             Slain by a kobold
             ... wielding a +2 short sword of speed
              (4 damage)
             ... on level 1 of the Dungeon.
             The game lasted 00:00:43 (479 turns).

Adrian566 the Slasher (Demonspawn Gladiator)         Turns: 479, Time: 00:00:43

Health: -1/28      AC:  4    Str: 14    XL:     3   Next: 8%
Magic:  3/3        EV: 12    Int:  8    God:
Gold:   38         SH:  0    Dex: 16    Spells: 2/2 levels left

rFire   . . .        a - +0 long sword
rCold   . . .        (no shield)
rNeg    . . .        b - +0 leather armour
rPois   .            c - +0 helmet
rElec   .            (no cloak)
rCorr   .            (no gloves)
SInv    .            (no boots)
Will    .....        (no amulet)
Stlth   +            (no ring)
HPRegen 0.24/turn    (no ring)
MPRegen 0.08/turn

%: no passive effects
@: no status effects
A: hooves 1, sturdy frame 1
a: no special abilities


You were on level 1 of the Dungeon.
You visited 1 branch of the dungeon, and saw 1 of its levels.

You collected 38 gold pieces.

Inventory:

Hand Weapons
 a - a +0 long sword (weapon)
Missiles
 d - 3 throwing nets (quivered)
 e - a javelin
Armour
 b - a +0 leather armour (worn)
 c - a +0 helmet (worn)
Scrolls
 g - 3 scrolls of butterflies {unknown}
 j - a scroll of vulnerability {unknown}
Potions
 i - 2 potions of degeneration {unknown}


   Skills:
 + Level 2.3 Fighting
 + Level 3.2 Long Blades
 + Level 1.9 Throwing
 + Level 0.3 Armour
 + Level 3.0 Dodging


You had 2 spell levels left.
You didn't know any spells.
Your spell library contained the following spells:

 Spells                   Type           Power      Damage    Failure   Level
 Call Imp                 Summ           0%         N/A       56%         2
 Sublimation of Blood     Necr           0%         N/A       56%         2
 Summon Hydra             Summ           0%         N/A       100%        7


Dungeon Overview and Level Annotations

Branches:
Dungeon (1/15)

Altars:


Innate Abilities, Weirdness & Mutations

You have large cloven feet.
Your movements are slightly less encumbered by armour. (ER -2)


Message History

The kobold hits you with a +2 short sword of speed.
You have reached level 3!
Your experience leads to an increase in your attributes!
Increase (S)trength, (I)ntelligence, or (D)exterity?
You feel agile. x2; Your demonic ancestry asserts itself...
You feel less encumbered by your armour.
A quokka comes into view.
The rat bites you.
The giant cockroach attacks as it pursues you!
The giant cockroach misses you. x2
You slash the giant cockroach!
You kill the giant cockroach!
You closely miss the rat. The rat misses you. The rat closely misses you.
You hit the rat.
You kill the rat!
You closely miss the quokka. The quokka barely misses you.
You hit the quokka. Your kick misses the quokka.
The quokka is almost dead.
The quokka bites you. x2
You miss the quokka. You kick the quokka, but do no damage.
The quokka is almost dead.
The quokka bites you but does no damage.
You slash the quokka!
You kill the quokka!
The kobold hits you but does no damage.
You closely miss the kobold. The kobold misses you.
The kobold hits you with a +2 short sword of speed.
You barely miss the kobold.
The kobold hits you with a +2 short sword of speed.
You miss the kobold.
The kobold hits you with a +2 short sword of speed.
The kobold completely misses you.
You barely miss the kobold.
The kobold hits you with a +2 short sword of speed.
* * * LOW HITPOINT WARNING * * *
The kobold hits you with a +2 short sword of speed.
* * * LOW HITPOINT WARNING * * *
You barely miss the kobold. Your kick misses the kobold.
The kobold hits you with a +2 short sword of speed.
You die...

## #.# #.. #.#
.... #.# ...###.#
...r.[..#.#####
......#....)..##
..............>#
#.#.#####K###..#
#.#.# #@# # #
#.#.# #.#
#.##.#.#####.#
#.....†......#
######...####.##
#........# #.#
.##.##.##.## #.#
.......##.## #.#
###.............#


You could see a kobold.

Vanquished Creatures
  A dart slug (D:1)
  An endoplasm (D:1)
  3 giant cockroaches (D:1)
  4 goblins (D:1)
  2 jackals (D:1)
  4 kobolds (D:1)
  3 quokkas (D:1)
  3 ball pythons (D:1)
  A bat (D:1)
  5 rats (D:1)
27 creatures vanquished.

Notes
Turn   | Place    | Note
-------+----------+-------------------------------------------
     0 | D:1      | Adrian566 the Demonspawn Gladiator began the quest for the
                  | Orb.
     0 | D:1      | Reached XP level 1. HP: 16/16 MP: 1/1
   137 | D:1      | Gained mutation: You have large cloven feet. [demonic
                  | ancestry]
   137 | D:1      | Reached XP level 2. HP: 18/22 MP: 2/2
   466 | D:1      | Gained mutation: Your movements are slightly less
                  | encumbered by armour. (ER -2) [demonic ancestry]
   466 | D:1      | Reached XP level 3. HP: 21/27 MP: 3/3
   479 | D:1      | Slain by a kobold

Illustrated notes

Levels and vault maps discovered:
D:1:      saegor_arrival_under_anarchy, layout_loops_ring,
          ebering_ecumenical_altar_abandoned, minmay_split_cup_large

Skill      XL: |  1  2 |
---------------+-------+-----
Long Blades    | 3 |  3.2
Dodging        | 3 |  3.0
Fighting       | |  2.3
Throwing       | |  1.9
Armour         | |  0.3

Action                     || total
---------------------------++-------
  Melee: Long sword        ||    73
         Kick              ||     9
    Use: Potion            ||     2
 Armour: Leather armour    ||    77
  Dodge: Dodged            ||    47

Table legend: (Time is in decaauts)
 A = Elapsed time spent in this place.
 B = Non-inter-level travel time spent in this place.
 C = Inter-level travel time spent in this place.
 D = Time resting spent in this place.
 E = Time spent auto-exploring this place.
 F = Levels seen in this place.
 G = Mean time per level.
                   A        B        C        D        E       F      G
               +--------+--------+--------+--------+--------+-----+--------+
         Total |    497 |    497 |      0 |      0 |    336 |   1 |  497.0 |
       Dungeon |    497 |    497 |      0 |      0 |    336 |   1 |  497.0 |
               +--------+--------+--------+--------+--------+-----+--------+

Top non-repeatable levels by time:
     D:1: 497 daAuts
